 Dungeon Crawl Stone Soup version 0.18.1-50-g88ac8fd (webtiles) character file.

1064 ringo67 the Firebug (level 8, -3/44 HPs)
             Began as a Deep Elf Fire Elementalist on Oct 25, 2016.
             Was a Follower of Vehumet.
             Slain by ringo67's ghost (5 damage)
             ... on level 6 of the Dungeon on Oct 26, 2016.
             The game lasted 00:35:50 (6054 turns).

ringo67 the Firebug (Deep Elf Fire Elementalist)    Turns: 6054, Time: 00:35:51

Health: -3/44      AC:  6    Str:  5    XL:     8   Next: 6%
Magic:  9/16       EV: 13    Int: 23    God:    Vehumet [*.....]
Gold:   236        SH:  0    Dex: 15    Spells: 3 memorised, 8 levels left

rFire  . . .     SeeInvis .     g - +1 short sword
rCold  . . .     Gourm    .     t - +2 robe {MR+}
rNeg   . . .     Faith    .     (no shield)
rPois  .         Spirit   .     (no helmet)
rElec  .         Dismiss  .     (no cloak)
rCorr  .         Reflect  .     A - +1 pair of gloves
SustAt .         Harm     .     (no boots)
MR     +....                    (no amulet)
Stlth  ++........               (no ring)
                                (no ring)

@: very slightly contaminated, hasted, very quick, somewhat resistant to hostile
enchantments, unstealthy
A: no striking features
a: Renounce Religion


You were on level 6 of the Dungeon.
You worshipped Vehumet.
Vehumet was aware of your devotion.
You were not hungry.

You visited 2 branches of the dungeon, and saw 7 of its levels.

You collected 236 gold pieces.

Inventory:

Hand Weapons
 f - a +0 short sword
 g - a +1 short sword (weapon)
 E - a +5 war axe
Armour
 a - a +0 robe
 j - a +0 robe
 k - a +2 robe
 t - a +2 robe of magic resistance (worn)
 A - a +1 pair of gloves (worn)
Wands
 x - a wand of acid (12/15)
 y - a wand of iceblast (7/15)
 z - a wand of lightning (6/15)
Scrolls
 d - 4 scrolls of identify
 q - 2 scrolls of amnesia {unknown}
 u - a scroll of immolation {unknown}
 C - 3 scrolls of blinking {unknown}
 D - a scroll of holy word {unknown}
Potions
 e - a potion of haste
 h - 2 potions of mutation {unknown}
 i - 2 potions of curing {unknown}
 l - a potion of lignification {unknown}
 r - 2 potions of might {unknown}
 w - a potion of brilliance {unknown}
 B - a potion of heal wounds {unknown}
Books
 b - a book of Flames

   Spells                             Type                      Level
   a - Flame Tongue                   Conjuration/Fire             1
   b - Throw Flame                    Conjuration/Fire             2
   c - Conjure Flame                  Conjuration/Fire             3
   d - Inner Flame                    Hexes/Fire                   3
   e - Sticky Flame                   Conjuration/Fire             4
   f - Fireball                       Conjuration/Fire             5
 v - a book of Frost

   Spells                             Type                      Level
   a - Freeze                         Ice                          1
   b - Throw Frost                    Conjuration/Ice              2
   c - Ozocubu's Armour               Charms/Ice                   3
   d - Throw Icicle                   Conjuration/Ice              4
   e - Summon Ice Beast               Ice/Summoning                4
Comestibles
 c - 2 bread rations
 n - 7 chunks of flesh


   Skills:
 + Level 2.0 Fighting
 - Level 2.4 Dodging
 - Level 2.4 Stealth
 + Level 4.6 Spellcasting
 + Level 6.1 Conjurations
 + Level 7.8 Fire Magic


You had 8 spell levels left.
You knew the following spells:

 Your Spells              Type           Power        Failure   Level  Hunger
a - Flame Tongue          Conj/Fire      #####        1%          1    None
b - Conjure Flame         Conj/Fire      #####...     1%          3    ##.....
c - Sticky Flame          Conj/Fire      #####...     8%          4    ####...


Dungeon Overview and Level Annotations

Branches:
Dungeon (6/15)             Temple (1/1) D:5

Altars:
Cheibriados
Dithmenos
Elyvilon
Gozag
Okawaru
Pakellas
Ru
Sif Muna
Trog
Vehumet
Xom

Annotations:
D:5 Prince Ribbit; swillhouse's ghost, novice MiBe
D:6 ringo67's ghost, novice MfFi


Message History

Ringo67's ghost is moderately damaged.
Ringo67's ghost whispers, "Meet the emptiness of death!"
Ringo67's ghost hits you but does no damage.
As you read the scroll labeled PETIOS EDAGUGAOL, it crumbles to dust.
You hear a loud clanging noise!
It was a scroll of noise.
You hear a loud, deep croak!
Ringo67's ghost hits you but does no damage.
As you read the scroll labeled NYF XOGGE, it crumbles to dust.
You hear the tinkle of a tiny bell.
It was a scroll of random uselessness.
Ringo67's ghost barely misses your butterfly.
As you read the scroll labeled GESESI JAIBB, it crumbles to dust.
The scroll dissolves into smoke.
It was a scroll of fog.
Ringo67's ghost hits your butterfly!
Your butterfly dies!
Your butterfly is engulfed in roaring flames.
You kill your butterfly!
Ringo67's ghost hits you.
You die...

###### #########
.....# ##...#@§§#
.....######....bW§§#
..........<....#bbb#
...(.####....#######
.....# #..####
#.###....#######
#.....###......#
..#######......#
[......##......#


You could see ringo67's ghost.

Vanquished Creatures
  The ghost of kitsy2 the Covert, an amateur SpAs (D:3)
  A phantom (D:6)
  Blork the orc (D:4)
  2 scorpions
  A wyvern skeleton (D:6)
  A howler monkey (D:6)
  3 orc priests
  2 centaur skeletons
  3 hounds (D:6)
  A jelly (D:5)
  Terence (D:3)
  2 iguanas
  3 worker ants
  2 orc wizards (D:5)
  A hound zombie (D:5)
  7 gnolls
  2 oozes (D:6)
  2 worms
  2 dart slugs
  5 giant geckos
  8 orcs
  5 bats
  3 giant cockroaches (D:1)
  9 hobgoblins
  2 jackals (D:3)
  2 quokkas
  3 ball pythons
  A ball python skeleton (D:6)
  2 goblins (D:2)
  A jackal skeleton (D:5)
  A jackal zombie (D:5)
  6 kobolds
  5 rats
91 creatures vanquished.

Notes
Turn   | Place    | Note
--------------------------------------------------------------
     0 | D:1      | ringo67 the Deep Elf Fire Elementalist began the quest for the Orb.
     0 | D:1      | Reached XP level 1. HP: 10/10 MP: 6/6
   395 | D:1      | Reached XP level 2. HP: 15/15 MP: 5/8
  1305 | D:2      | Reached XP level 3. HP: 19/19 MP: 5/9
  1462 | D:2      | Found an oddly glowing altar of Pakellas.
  1811 | D:3      | Noticed kitsy2's ghost (amateur SpAs)
  1817 | D:3      | Killed kitsy2's ghost
  1817 | D:3      | Reached skill level 4 in Fire Magic
  1817 | D:3      | Reached XP level 4. HP: 22/24 MP: 4/10
  1822 | D:3      | Learned a level 3 spell: Conjure Flame
  1930 | D:3      | Reached XP level 5. HP: 28/28 MP: 8/11
  2002 | D:3      | Noticed Terence
  2014 | D:3      | Killed Terence
  2014 | D:3      | Reached skill level 5 in Fire Magic
  2762 | D:4      | Noticed Blork the orc
  2773 | D:4      | Killed Blork the orc
  2773 | D:4      | Reached XP level 6. HP: 32/32 MP: 2/12
  2938 | D:4      | Reached skill level 6 in Fire Magic
  2963 | D:4      | Found an iron altar of Okawaru.
  2986 | D:4      | Learned a level 4 spell: Sticky Flame
  3109 | D:4      | You fall through a shaft!
  3109 | D:5      | Entered Level 5 of the Dungeon
  3174 | D:5      | Noticed Prince Ribbit
  3227 | D:5      | Noticed swillhouse's ghost (novice MiBe)
  3751 | D:4      | Reached skill level 5 in Conjurations
  4090 | D:5      | Found a staircase to the Ecumenical Temple.
  4379 | Temple   | Entered the Ecumenical Temple
  4406 | Temple   | Became a worshipper of Vehumet
  4517 | D:5      | Reached skill level 7 in Fire Magic
  4517 | D:5      | Reached XP level 7. HP: 36/36 MP: 8/13
  5426 | D:5      | Reached skill level 1 in Fighting
  5463 | D:6      | Reached * piety under Vehumet
  5463 | D:6      | Offered knowledge of Shock by Vehumet.
  5829 | D:6      | Reached XP level 8. HP: 39/44 MP: 9/16
  5917 | D:6      | Noticed ringo67's ghost (novice MfFi)
  6045 | D:6      | HP: 2/44 [ringo67's ghost (15)]
  6054 | D:6      | Slain by ringo67's ghost

Skill      XL: |  1  2  3  4  5  6  7  8 |
---------------+-------------------------+-----
Conjurations   | 2 3 4 5 6 |  6.1
Fire Magic     | 4 5 7 |  7.8
Fighting       | 1 2 |  2.0
Spellcasting   | 4 |  4.6
Dodging        | |  2.4
Stealth        | |  2.4

Action                   |  1- 3 |  4- 6 |  7- 9 || total
-------------------------+-------+-------+-------++-------
Melee: Unarmed           |    15 |       |       ||    15
       Short sword       |     5 |     1 |     1 ||     7
 Cast: Flame Tongue      |    59 |   109 |    97 ||   265
       Conjure Flame     |       |     8 |     2 ||    10
       Sticky Flame      |       |     1 |     4 ||     5
  Use: Scroll            |     6 |     1 |     4 ||    11
       Potion            |       |       |     1 ||     1
  Eat: Chunk             |     2 |     5 |     1 ||     8
       Fruit             |     1 |     2 |     1 ||     4
       Bread ration      |       |     1 |       ||     1
       Beef jerky        |       |       |     1 ||     1
Armor: Robe              |     8 |     3 |    19 ||    30
Dodge: Dodged            |    32 |    23 |    35 ||    90
